 Dungeon Crawl Stone Soup version 0.29-a0-841-g116ddc6ace (webtiles) character file.

Game seed: 8482978313594568852

394 jimonade the Grave Robber (level 6, -3/41 HPs)
             Began as a Mummy Necromancer on July 14, 2022.
             Slain by a phantom (4 damage)
             ... on level 4 of the Dungeon.
             The game lasted 00:13:11 (4673 turns).

jimonade the Grave Robber (Mummy Necromancer)       Turns: 4673, Time: 00:13:11

Health: -3/41      AC:  3    Str: 12    XL:     6   Next: 51%
Magic:  14/14      EV: 12    Int: 16    God:
Gold:   163        SH:  0    Dex: 12    Spells: 8/16 levels left

rFire   x . .      SeeInvis .   a - +0 spear
rCold   + + +      Faith    .   (no shield)
rNeg    + + +      Spirit   .   r - +0 robe
rPois   ∞          Reflect  .   (no helmet)
rElec   .          Harm     .   (no cloak)
rCorr   .          Rampage  .   (no gloves)
Will    .....                   t - +0 pair of boots
Stlth   ++........              (no amulet)
HPRegen 0.13/turn               h - ring of protection from cold
MPRegen 0.14/turn               k - ring of protection from cold

@: no status effects
A: cold resistance 1, negative energy resistance 3, torment resistance 2, heat
vulnerability 1, in touch with death 1, no potions
a: no special abilities


You were on level 4 of the Dungeon.
You visited 1 branch of the dungeon, and saw 4 of its levels.

You collected 163 gold pieces.

Inventory:

Hand Weapons
 a - a +0 spear (weapon)
 b - a +0 sling
 f - a +0 whip
 j - a +0 dagger
 o - a +0 hand axe
 v - a +0 short sword
 x - a +1 short sword of draining
 y - a +0 rapier
Missiles
 c - 38 stones
 g - 7 poisoned darts
Armour
 p - a +0 scale mail
 r - a +0 robe (worn)
 s - a +0 ring mail
 t - a +0 pair of boots (worn)
Magical Staves
 i - a staff of fire
Jewellery
 h - a ring of protection from cold (left hand)
 k - a ring of protection from cold (right hand)
Wands
 n - a wand of flame (22)
Scrolls
 e - 2 scrolls of teleportation {unknown}
 l - a scroll of immolation {unknown}
 m - a scroll of fear {unknown}
 q - a scroll of brand weapon {unknown}
 u - 2 scrolls of blinking {unknown}
 w - 4 scrolls of identify {unknown}
Potions
 d - a potion of haste {unknown}


   Skills:
 + Level 0.1 Fighting
 - Level 1.5 Dodging
 - Level 1.5 Stealth
 + Level 5.6 Spellcasting
 * Level 6.6 Necromancy


You had 8 spell levels left.
You knew the following spells:

 Your Spells              Type           Power      Damage    Failure   Level
a - Necrotise             Necr           100%       1d9       1%          1
b - Vampiric Draining     Necr           38%        2d8       2%          3
c - Animate Dead          Necr           38%        N/A       9%          4

Your spell library contained the following spells:

 Spells                   Type           Power      Damage    Failure   Level
 Freeze                   Ice            16%        1d4       14%         1
 Poisonous Vapours        Pois/Air       8%         N/A       22%         2
 Agony                    Necr           38%        N/A       26%         5
 Call Canine Familiar     Summ           4%         N/A       38%         3
 Portal Projectile        Hex/Tloc       8%         N/A       38%         3
 Corpse Rot               Necr/Pois/Air  17%        N/A       50%         4
 Leda's Liquefaction      Hex/Erth       2%         N/A       80%         4


Dungeon Overview and Level Annotations

Branches:
Dungeon (4/15)
 Temple: D:4-7

Altars:

Shops:
D:3 !

Annotations:
D:3 2 transporters, Gus979's ghost, amateur HuNe


Innate Abilities, Weirdness & Mutations

You are immune to poison.
Your flesh is cold resistant. (rC+)
You are immune to negative energy. (rN+++)
You are immune to unholy pain and torment.
You are vulnerable to heat. (rF-)
You are in touch with the powers of death.
You do not drink.


Message History

Casting: Animate Dead (quite dangerous; 9% risk of failure)
Confirm with . or Enter, or press ? or * to list all spells.
Okay, then.
Unknown command.
Unknown command.
You hit the phantom.
The phantom is almost destroyed.
The phantom hits you.
* * * LOW HITPOINT WARNING * * *
The phantom blinks!
You blink.
A scorpion comes into view.
The phantom barely misses you.
You hit the phantom but do no damage.
The phantom is almost destroyed.
The phantom barely misses you.
You closely miss the phantom.
The phantom is almost destroyed.
The phantom hits you.
* * * LOW HITPOINT WARNING * * *
The phantom blinks!
You blink.
You hit the phantom but do no damage.
The phantom is almost destroyed.
The phantom hits you but does no damage.
You hit the phantom.
The phantom is almost destroyed.
The phantom barely misses you.
You closely miss the phantom.
The phantom is almost destroyed.
The phantom barely misses you.
You hit the phantom but do no damage.
The phantom is almost destroyed.
The phantom hits you.
* * * LOW HITPOINT WARNING * * *
You closely miss the phantom.
The phantom is almost destroyed.
The phantom hits you but does no damage.
You hit the phantom but do no damage.
The phantom is almost destroyed.
The phantom hits you.
You die...

## #.
#################.
#.................
#.############....
#####.##### #....
#....@W...# #....
#.###.###.# ##.#.
#.# #.# .# #.#.
#.###.###.# #...
#.#.......# #..#
#.# #.# .# #..#
#.# #.# .# #..#
#.# #.# .# ....
#.. ..s ###.#


You could see a phantom.

Vanquished Creatures
  2 scorpions (D:4)
  An orc priest (D:4)
  Terence (D:2)
  Robin (D:3)
  4 gnolls (D:3)
  5 adders
  A worm (D:2)
  2 dart slugs
  9 orcs
  4 ball pythons
  6 bats
  6 endoplasms
  4 giant cockroaches
  11 goblins
  5 hobgoblins
  5 jackals
  2 quokkas (D:2)
  6 frilled lizards
  11 kobolds
  7 rats
93 creatures vanquished.

Vanquished Creatures (collateral kills)
  A dart slug (D:2)
  6 orcs (D:4)
  An endoplasm (D:4)
  2 giant cockroaches (D:4)
  3 kobolds
13 creatures vanquished.

Vanquished Creatures (others)
  2 scorpion zombies (D:4)
  An adder zombie (D:4)
  A giant cockroach zombie (D:4)
  2 orc zombies (D:4)
  3 fungi (D:2)
9 creatures vanquished.

Grand Total: 115 creatures vanquished

Notes
Turn   | Place    | Note
-------+----------+-------------------------------------------
     0 | D:1      | jimonade the Mummy Necromancer began the quest for the Orb.
     0 | D:1      | Reached XP level 1. HP: 13/13 MP: 4/4
     2 | D:1      | Noticed a tengu
     2 | D:1      | Noticed a ghoul
     4 | D:1      | Noticed a gargoyle
     4 | D:1      | Noticed a dwarf
     8 | D:1      | Noticed a vampire
     8 | D:1      | Noticed a troll
    10 | D:1      | Noticed a spriggan
    12 | D:1      | Noticed a formicid
    12 | D:1      | Noticed a demonspawn
    14 | D:1      | Noticed a minotaur
    14 | D:1      | Noticed a vine stalker
    16 | D:1      | Noticed a naga
    16 | D:1      | Noticed an elf
    18 | D:1      | Noticed a human
    18 | D:1      | Noticed a felid
    23 | D:1      | Noticed a demigod
    23 | D:1      | Noticed an ogre
    25 | D:1      | Noticed an octopode
    25 | D:1      | Noticed a merfolk
    27 | D:1      | Noticed a draconian
   463 | D:1      | Reached XP level 2. HP: 19/19 MP: 0/5
  1343 | D:2      | Gained mutation: You are in touch with the powers of death.
                  | [Mummy growth]
  1343 | D:2      | Reached XP level 3. HP: 19/24 MP: 1/7
  1734 | D:2      | Noticed Terence
  1741 | D:2      | Killed Terence
  1742 | D:2      | Reached skill level 5 in Necromancy
  1742 | D:2      | Reached XP level 4. HP: 23/30 MP: 1/9
  2376 | D:2      | Found a faded altar of an unknown god.
  2384 | D:2      | Got Plato's Grimoire of Congelation
  2874 | D:3      | Reached XP level 5. HP: 21/35 MP: 0/10
  2880 | D:3      | Reached skill level 6 in Necromancy
  3297 | D:3      | Found Itioppes's Distillery.
  3542 | D:3      | Noticed Robin
  3690 | D:3      | Killed Robin
  3756 | D:3      | Learned a level 3 spell: Vampiric Draining
  3761 | D:3      | Learned a level 4 spell: Animate Dead
  3972 | D:3      | Found a transporter.
  3976 | D:3      | Noticed Gus979's ghost (amateur HuNe)
  4077 | D:3      | Found a transporter.
  4158 | D:4      | Reached skill level 5 in Spellcasting
  4158 | D:4      | Reached XP level 6. HP: 22/41 MP: 1/13
  4667 | D:4      | HP: 1/41 [phantom (5)]
  4673 | D:4      | Slain by a phantom

Illustrated notes

Levels and vault maps discovered:
D:1:      kb_arrival_jail, layout_loops_corners
D:2:      layout_basic, shapermc_ecumenical_altar_rom_forum, uniq_terence
D:3:      layout_basic, serial_shops, nicolae_shop_statue_plus,
          gammafunk_ghost_stat_death, uniq_robin
D:4:      layout_loops_ring

Skill      XL: |  1  2  3  4  5 |
---------------+----------------+-----
Spellcasting   | 3 5 |  5.6
Necromancy     | 5 6 |  6.6
Fighting       | |  0.1
Dodging        | |  1.5
Stealth        | |  1.5

Action                   |  1- 3 |  4- 6 || total
-------------------------+-------+-------++-------
Melee: Spear             |       |    64 ||    64
       Punch             |       |     1 ||     1
 Cast: Necrotise         |    58 |   111 ||   169
       Animate Dead      |       |     4 ||     4
       Vampiric Draining |       |     2 ||     2
Armor: Robe              |       |    10 ||    10
Dodge: Dodged            |    15 |    44 ||    59

Table legend: (Time is in decaauts)
 A = Elapsed time spent in this place.
 B = Non-inter-level travel time spent in this place.
 C = Inter-level travel time spent in this place.
 D = Time resting spent in this place.
 E = Time spent auto-exploring this place.
 F = Levels seen in this place.
 G = Mean time per level.
                   A        B        C        D        E       F      G
               +--------+--------+--------+--------+--------+-----+--------+
         Total |   4678 |   4441 |    237 |    423 |   3003 |   4 | 1169.5 |
       Dungeon |   4678 |   4441 |    237 |    423 |   3003 |   4 | 1169.5 |
               +--------+--------+--------+--------+--------+-----+--------+

Top non-repeatable levels by time:
     D:2: 1520 daAuts
     D:3: 1357 daAuts
     D:1: 1272 daAuts
     D:4: 527 daAuts
